 Dungeon Crawl Stone Soup version 0.29.1-1-gd02db6906a (webtiles) character file.

Game seed: 13080751663481163719

4867 SSird the Summoner (level 10, -6/67 HPs)
             Began as a Barachi Summoner on Sept 15, 2022.
             Was a Priest of Cheibriados.
             Mangled by a two-headed ogre
             ... wielding a +0 giant club
              (11 damage)
             ... on level 8 of the Dungeon.
             The game lasted 00:43:51 (9331 turns).

SSird the Summoner (Barachi Summoner)               Turns: 9331, Time: 00:43:51

Health: -6/67      AC: 16    Str: 15    XL:     10   Next: 50%
Magic:  3/20       EV: 13    Int: 27    God:    Cheibriados [***...]
Gold:   598        SH:  0    Dex: 18    Spells: 11/23 levels left

rFire   . . .      SeeInvis .   b - +6 spear (freeze)
rCold   . . .      Faith    .   (no shield)
rNeg    . . .      Spirit   .   y - +0 steam dragon scales
rPois   .          Reflect  .   (no helmet)
rElec   .          Harm     .   (no cloak)
rCorr   .          Rampage  .   o - +2 pair of gloves
Will    .....                   (no boots)
Stlth   ++++......              B - amulet of Lian {Regen+ Slay+2}
HPRegen 1.01/turn               j - +4 ring of protection
MPRegen 0.17/turn               k - +4 ring of protection

@: unable to hop, very slow
A: amphibious, slowness 1, strong legs 1, +LOS
a: Hop, Renounce Religion, Bend Time, Temporal Distortion


You were on level 8 of the Dungeon.
You worshipped Cheibriados.
Cheibriados was most pleased with you.
You visited 1 branch of the dungeon, and saw 9 of its levels.
You also visited: Sewer.

You collected 598 gold pieces.

Inventory:

Hand Weapons
 a - a +5 short sword of venom
 b - a +6 spear of freezing (weapon)
 n - a +1 whip of electrocution
 C - a +1 dagger of venom
Armour
 o - a +2 pair of gloves (worn)
 y - +0 steam dragon scales (worn)
 I - a +1 robe of fire resistance
Jewellery
 j - a +4 ring of protection (left hand)
 k - a +4 ring of protection (right hand)
 B - the amulet of Lian (around neck) {Regen+ Slay+2}
   (You found it on level 4 of the Dungeon)

   [amulet of regeneration]

   Slay:      It affects your accuracy & damage with ranged weapons and melee
   (+2).
   Regen:     It increases your rate of health regeneration.
 K - a ring of willpower
Wands
 c - a wand of roots (18)
 w - a wand of mindburst (9)
 x - a wand of polymorph (7)
Scrolls
 d - a scroll of blinking {unknown}
 g - 6 scrolls of teleportation
 i - 4 scrolls of magic mapping
 l - 2 scrolls of brand weapon
 p - 2 scrolls of immolation
 r - 3 scrolls of fear
 s - 2 scrolls of amnesia
 u - a scroll of enchant armour {unknown}
 E - a scroll of vulnerability
Potions
 e - a potion of berserk rage {unknown}
 f - a potion of invisibility {unknown}
 h - 2 potions of cancellation
 m - a potion of lignification
 q - a potion of heal wounds
 t - 4 potions of magic
 v - a potion of degeneration {unknown}
 z - 2 potions of resistance
 A - a potion of curing
 D - 4 potions of attraction
 F - a potion of flight
 H - a potion of brilliance
 J - a potion of might


   Skills:
 + Level 1.7 Fighting
 + Level 1.3 Polearms
 + Level 1.5 Armour
 - Level 2.4 Dodging
 + Level 6.5 Stealth
 + Level 7.0 Spellcasting
 + Level 1.1 Hexes
 + Level 11.4 Summonings
 + Level 8.3 Air Magic


You had 11 spell levels left.
You knew the following spells:

 Your Spells              Type           Power      Damage    Failure   Level
a - Call Imp              Summ           63%        N/A       1%          2
b - Call Canine Familiar  Summ           63%        N/A       1%          3
d - Summon Guardian Gole  Hex/Summ       43%        N/A       1%          3
k - Summon Lightning Spi  Summ/Air       58%        N/A       1%          4

Your spell library contained the following spells:

 Spells                   Type           Power      Damage    Failure   Level
 Summon Small Mammal      Summ           100%       N/A       1%          1
 Poisonous Vapours        Pois/Air       62%        N/A       1%          2
 Beastly Appendage        Tmut           18%        N/A       6%          1
 Foxfire                  Conj/Fire      36%        2x1d5     6%          1
 Wereblood                Tmut           9%         N/A       9%          2
 Inner Flame              Hex/Fire       12%        N/A       14%         3
 Conjure Flame            Conj/Fire      9%         6-21      17%         3
 Gell's Gravitas          Tloc           9%         N/A       17%         3
 Lesser Beckoning         Tloc           9%         N/A       17%         3
 Spider Form              Tmut/Pois      9%         N/A       17%         3
 Teleport Other           Tloc           9%         N/A       17%         3
 Corpse Rot               Necr/Pois/Air  24%        N/A       19%         4
 Animate Dead             Necr           9%         N/A       50%         4
 Flame Wave               Conj/Fire      9%         2d6       50%         4
 Hailstorm                Conj/Ice       9%         3d4       50%         4
 Ice Form                 Ice/Tmut       9%         N/A       50%         4
 Haunt                    Necr/Summ      20%        N/A       99%         7
 Simulacrum               Ice/Necr       4%         N/A       100%        6
 Infestation              Necr           4%         N/A       100%        8


Dungeon Overview and Level Annotations

Branches:
Dungeon (9/15)             Temple (0/1) D:6           Sewer (visited)
   Lair: D:8-11         Orc: D:9-12

Altars:
Cheibriados
Dithmenos
Qazlal
Ru
Vehumet
Xom
Yredelemnul
The Shining One

Shops:
D:3 !   D:5 :


Innate Abilities, Weirdness & Mutations

You are amphibious.
You cover ground slowly.
You can hop short distances.
You have an extended range of vision and can be seen from far away.


Message History

The two-headed ogre completely misses you.
The two-headed ogre hits you but does no damage.
The killer bee attacks as you move away!
The killer bee misses you.
The killer bee stings you but does no damage.
The killer bee closely misses you. The killer bee barely misses you.
The killer bee stings you.
* * * LOW HITPOINT WARNING * * *
The killer bee stings you but does no damage.
Unknown command.
Casting: Summon Lightning Spire (dangerous; 1% risk of failure)
Confirm with . or Enter, or press ? or * to list all spells.
The killer bee barely misses you.
The killer bee stings you but does no damage.
The killer bee attacks as you move away!
The killer bee barely misses you.
The killer bee stings you but does no damage.
The killer bee misses you.
The killer bee stings you but does no damage.
Unknown command.
The killer bee attacks as you move away!
The killer bee misses you.
Your wolf closely misses the killer bee.
The killer bee closely misses you.
Your wolf completely misses the killer bee.
The killer bee barely misses you.
Your wolf barely misses the killer bee.
Unknown command.
Your wolf bites the two-headed ogre!
The two-headed ogre hits your wolf with a +0 giant club!!
Your wolf dies!
Your wolf's corpse disappears in a puff of smoke!
There is a stone staircase leading up here.
The two-headed ogre barely misses you. x2
You climb upwards.
There is a stone staircase leading down here.
Unknown command.
The two-headed ogre hits you with a +0 giant club!!
* * * LOW HITPOINT WARNING * * *
The two-headed ogre hits you with a +0 giant club!
You die...

##.# #.###.# .#.# #.#
#.# .#.# #.# #.# .#.#
#.# #.# .#.# #.# #.#
.#.###########.# #.#
.#.............# #.#
.#.###############>##
.)............(.@O..#
#####################
.............<......#
###################.#
#.# #.# #.# #.# #.#


You could see a two-headed ogre.

Vanquished Creatures
  Pikel (D:6)
  A slime creature (D:9)
  3 yaks (D:8)
  Edmund (D:6)
  A water moccasin (D:7)
  3 lemures
  2 phantoms
  Blork the orc (D:4)
  2 scorpions
  2 wights
  A killer bee (D:9)
  2 jellies (Sewer)
  3 orc priests
  2 hounds
  An iguana (D:4)
  3 orc wizards
  11 adders
  A river rat (Sewer)
  5 gnolls
  3 white imps
  An ufetubus (D:4)
  3 worms
  A dart slug (D:5)
  21 orcs
  4 bats
  6 endoplasms
  4 giant cockroaches
  8 goblins
  A hobgoblin (D:2)
  A jackal (D:5)
  A quokka (D:2)
  A ball python (D:1)
  6 frilled lizards
  2 kobolds
  5 rats
114 creatures vanquished.

Vanquished Creatures (collateral kills)
  Psyche (D:8)
  Sigmund (D:4)
  2 yaks (D:8)
  A steam dragon (D:8)
  Menkaure (D:6)
  A water moccasin (D:7)
  An orc warrior (D:9)
  2 ogres
  A lemure (D:5)
  A kobold brigand (D:8)
  A gnoll sergeant (D:7)
  6 wights
  4 killer bees (D:9)
  A howler monkey (D:9)
  2 jellies
  2 orc priests (D:8)
  An iron imp (D:6)
  2 iguanas
  4 orc wizards
  6 gnolls
  A river rat (Sewer)
  2 adders
  A shadow imp (D:5)
  An ufetubus (D:5)
  2 worms (D:3)
  A dart slug (D:1)
  20 orcs
  3 bats (D:1)
  2 endoplasms
  3 giant cockroaches
  5 goblins
  2 hobgoblins
  3 jackals (D:5)
  6 kobolds
  A quokka (D:4)
  3 ball pythons
  2 frilled lizards (Sewer)
99 creatures vanquished.

Vanquished Creatures (others)
  A killer bee (D:9)
  A fungus (D:2)
  5 plants (D:2)
  4 toadstools (D:1)
11 creatures vanquished.

Grand Total: 224 creatures vanquished

Notes
Turn   | Place    | Note
-------+----------+-------------------------------------------
     0 | D:1      | SSird the Barachi Summoner began the quest for the Orb.
     0 | D:1      | Reached XP level 1. HP: 13/13 MP: 3/3
   235 | D:1      | Reached XP level 2. HP: 19/19 MP: 1/5
   302 | D:1      | Learned a level 2 spell: Call Imp
   406 | D:1      | Reached skill level 5 in Summonings
  1028 | D:2      | Reached XP level 3. HP: 24/24 MP: 5/7
  1322 | D:2      | Found a faded altar of an unknown god.
  1582 | D:2      | Reached XP level 4. HP: 20/30 MP: 5/9
  1684 | D:2      | Learned a level 4 spell: Summon Lightning Spire
  1688 | D:2      | Learned a level 3 spell: Summon Guardian Golem
  2587 | D:3      | Reached skill level 1 in Air Magic
  2676 | D:3      | Reached XP level 5. HP: 23/35 MP: 7/10
  3237 | D:3      | Reached skill level 6 in Summonings
  3410 | D:3      | Reached XP level 6. HP: 40/41 MP: 11/11
  3562 | D:3      | Found Kaogru's Distillery.
  3689 | D:4      | Found a glowing drain.
  3713 | D:4      | Noticed Sigmund
  3716 | Sewer    | Entered a sewer
  3721 | Sewer    | Learned a level 3 spell: Call Canine Familiar
  4237 | Sewer    | Found a viscous altar of Jiyva.
  4348 | D:4      | Killed Sigmund
  4349 | D:4      | Reached XP level 7. HP: 35/46 MP: 6/13
  4394 | D:4      | Found a sacrificial altar of Ru.
  4402 | D:4      | Identified the amulet of Lian {Regen+ Slay+2}
  4418 | D:4      | Reached skill level 7 in Summonings
  4690 | D:4      | Noticed Blork the orc
  4699 | D:4      | Killed Blork the orc
  5129 | D:5      | Entered Level 5 of the Dungeon
  5292 | D:5      | Found a shadowy altar of Dithmenos.
  5319 | D:5      | Found a radiant altar of Vehumet.
  5326 | D:5      | Found a basalt altar of Yredelemnul.
  5354 | D:5      | Reached XP level 8. HP: 52/52 MP: 12/15
  5498 | D:5      | Found Xafighen's Vocational Training.
  5710 | D:5      | Reached skill level 5 in Air Magic
  5710 | D:5      | Found a shimmering altar of Xom.
  6120 | D:6      | Noticed Pikel
  6272 | D:6      | HP: 1/52 [constriction (9)]
  6274 | D:6      | Killed Pikel
  6275 | D:6      | Reached skill level 5 in Spellcasting
  6275 | D:6      | Reached skill level 8 in Summonings
  6427 | D:6      | Noticed Menkaure
  6449 | D:6      | Killed Menkaure
  6450 | D:6      | Reached skill level 9 in Summonings
  6450 | D:6      | Reached XP level 9. HP: 46/57 MP: 7/17
  6689 | D:6      | Found a stormy altar of Qazlal.
  6767 | D:6      | Found a snail-covered altar of Cheibriados.
  6777 | D:6      | Reached skill level 5 in Stealth
  6782 | D:6      | Became a worshipper of Cheibriados the Contemplative
  6867 | D:6      | Found a staircase to the Ecumenical Temple.
  6931 | D:6      | Noticed Edmund
  6947 | D:6      | Killed Edmund
  7104 | D:7      | Found a glowing golden altar of the Shining One.
  7987 | D:8      | Reached skill level 10 in Summonings
  7998 | D:8      | Reached * piety under Cheibriados
  8363 | D:8      | Reached XP level 10. HP: 63/63 MP: 14/19
  8372 | D:8      | Reached skill level 11 in Summonings
  8457 | D:8      | Noticed Psyche
  8466 | D:8      | Killed Psyche
  8541 | D:8      | Reached ** piety under Cheibriados
  9269 | D:9      | Reached skill level 1 in Fighting
  9272 | D:9      | Reached skill level 1 in Polearms
  9272 | D:9      | Reached skill level 1 in Armour
  9285 | D:9      | Noticed a two-headed ogre
  9298 | D:9      | Reached skill level 1 in Hexes
  9304 | D:9      | Reached *** piety under Cheibriados
  9331 | D:8      | Mangled by a two-headed ogre

Illustrated notes

Levels and vault maps discovered:
D:1:      ldierk_walled_garden_2, layout_basic
D:2:      layout_loops_corners, shapermc_ecumenical_altar_mp_ritualfount
D:3:      layout_basic, serial_shops, shop, minmay_misc_feat_ornament
D:4:      minmay_spotlight, layout_cave_pools, mainiacjoe_overflow_tiny_flanked,
          cheibrodos_sewer_entry_sluice, minmay_misc_feat_rows,
          bh_walls_and_bars, uniq_blork_the_orc, uniq_sigmund
D:5:      layout_basic, mainiacjoe_overflow_surrounded_room,
          mainiacjoe_overflow_catwalk_spiral, marbit_many_paths,
          nicolae_shop_vocational
D:6:      layout_basic, nicolae_qazlal_general_emergency, chei_slow_surprise,
          minmay_temple_entry_statues, uniq_pikel, uniq_edmund, uniq_menkaure
D:7:      layout_loops_ring, tso_oasis_becter
D:8:      layout_basic, nrook_loot_triangle, uniq_psyche
D:9:      layout_rooms, minivault_13

Skill      XL: |  1  2  3  4  5  6  7  8  9 10 |
---------------+-------------------------------+-----
Stealth        | 2 3 4 5 6 |  6.5
Summonings     | 5 6 7 9 10 11 | 11.4
Spellcasting   | 3 4 5 6 7 |  7.0
Air Magic      | 1 2 3 4 6 7 8 |  8.3
Fighting       | 1 |  1.7
Polearms       | 1 |  1.3
Armour         | 1 |  1.5
Hexes          | 1 |  1.1
Dodging        | |  2.4

Action                   |  1- 3 |  4- 6 |  7- 9 | 10-12 || total
-------------------------+-------+-------+-------+-------++-------
Melee: Unarmed           |    19 |       |       |       ||    19
       Dagger            |    25 |   101 |    24 |       ||   150
       Short sword       |    25 |    56 |   200 |     3 ||   284
       Punch             |       |       |     5 |       ||     5
       Spear             |       |       |    24 |    38 ||    62
 Cast: Summon Small Mamm |     6 |       |       |       ||     6
       Call Imp          |    16 |    25 |    22 |     3 ||    66
       Call Canine Famil |       |     3 |    27 |    11 ||    41
       Summon Lightning  |       |       |     6 |     5 ||    11
       Summon Guardian G |       |       |       |     2 ||     2
Invok: Bend Time         |       |       |       |     1 ||     1
 Abil: Hop               |     1 |       |     1 |     3 ||     5
  Use: Potion            |       |     3 |     4 |     1 ||     8
       Scroll            |       |       |    14 |       ||    14
 Stab: Sleeping          |     2 |     6 |     5 |     2 ||    15
       Distracted        |       |       |     3 |       ||     3
Armor: Robe              |    30 |    69 |   104 |    13 ||   216
       Steam dragon scal |       |       |       |    21 ||    21
Dodge: Dodged            |    73 |    85 |   183 |    49 ||   390
